RES
ROCKDALE CRUSHERS @ CARINGBAH ACES
04/29/2022
 
TOP OF THE 1ST
Rockdale Crushers batting - Pitching for Caringbah Aces : RHP Reggie Tilden
Pitching: RHP Reggie Tilden
Batting: RHB Justin Borrett 0-0: Ball
1-0: Ball
2-0: Ball
3-0: Called Strike
3-1: Called Strike
3-2: Foul Ball, location: 25F
3-2: Base on Balls
Batting: RHB Brad Silk 0-0: Called Strike
0-1: Ground out 4-3 (Groundball, 34, EV 103.1 MPH)
Justin Borrett to second
Batting: RHB J.J. Jones 0-0: Fly out, F8 (Flyball, 8LD, EV 106.9 MPH)
Batting: SHB Mark Kinsley 0-0: Called Strike
0-1: SINGLE (Line Drive, 5D, EV 103.8 MPH)
Justin Borrett to third
Runner from 3rd tries for Home, SAFE, throw by LF to home
Batting: RHB Jerod Quarles 0-0: Ball
1-0: Called Strike
1-1: Ball
2-1: Ball
Mark Kinsley steals 2nd base
3-1: Base on Balls
Batting: SHB Johnny Knight 0-0: Called Strike
0-1: Swinging Strike
0-2: Ball
1-2: Ball
2-2: Ball
3-2: Base on Balls
Mark Kinsley to third
Jerod Quarles to second
Batting: RHB Eugene Pilcher 0-0: Ball
1-0: Called Strike
1-1: Foul Ball, location: 7LDF
1-2: Reached on error, E5 (Groundball, 56, EV 98.1 MPH)
Mark Kinsley scores
Jerod Quarles to third
Johnny Knight to second
Batting: RHB Luke Thornett 0-0: Foul Ball, location: 2F
0-1: Ball
1-1: Called Strike
1-2: Strikes out swinging
Top of the 1st over - 2 runs, 1 hit, 1 error, 3 left on base; Rockdale 2 - Caringbah 0
BOTTOM OF THE 1ST
Caringbah Aces batting - Pitching for Rockdale Crushers : RHP Chet Hopoate
Pitching: RHP Chet Hopoate
Batting: SHB Jess Herbert 0-0: Ball
1-0: Ball
2-0: Fly out, F8 (Flyball, 8RD, EV 106.3 MPH)
Batting: LHB Steve Kinghorn 0-0: SOLO HOME RUN (Flyball, 9D, EV 95.6 MPH), Distance : 377 ft
Batting: RHB Toby Bailey 0-0: Foul Ball, location: 2F
0-1: Fly out, F8 (Flyball, 8RD, EV 97.5 MPH)
Batting: RHB O.P. Coggan 0-0: Called Strike
0-1: Swinging Strike
0-2: Ground out 2-3 (Groundball, 15S, EV 68.8 MPH)
Bottom of the 1st over - 1 run, 1 hit, 0 errors, 0 left on base; Rockdale 2 - Caringbah 1
TOP OF THE 2ND
Rockdale Crushers batting - Pitching for Caringbah Aces : RHP Reggie Tilden
Batting: SHB Jim Unknown 0-0: Foul Ball, location: 2F
0-1: Swinging Strike
0-2: Strikes out swinging
Batting: RHB Justin Borrett 0-0: Ball
1-0: Foul Ball, location: 2F
1-1: Ball
2-1: Ball
3-1: Base on Balls
Batting: RHB Brad Silk 0-0: Ball
1-0: Called Strike
1-1: Ball
2-1: SINGLE (Groundball, 6MD, EV 105.0 MPH)
Justin Borrett to second
Batting: RHB J.J. Jones 0-0: Called Strike
0-1: Ball
1-1: Ball
2-1: Called Strike
2-2: Strikes out looking
Batting: SHB Mark Kinsley 0-0: Called Strike
0-1: Ball
1-1: Ball
2-1: Foul Ball, location: 2F
2-2: Ball
3-2: Ground out 4-3 (Groundball, 4M, EV 87.5 MPH)
Top of the 2nd over - 0 runs, 1 hit, 0 errors, 2 left on base; Rockdale 2 - Caringbah 1
BOTTOM OF THE 2ND
Caringbah Aces batting - Pitching for Rockdale Crushers : RHP Chet Hopoate
Batting: LHB Michael Yaag 0-0: Ball
1-0: Ball
2-0: Ball
3-0: Called Strike
3-1: Called Strike
3-2: Foul Ball, location: 25F
3-2: Foul Ball, location: 2F
3-2: Fly out, F4 (Popup, 34, EV 58.8 MPH)
Batting: RHB Chris Roarty 0-0: Ball
1-0: Swinging Strike
1-1: Foul Ball, location: 2F
1-2: Ball
2-2: Fly out, F8 (Flyball, 8RXD, EV 107.5 MPH)
Batting: RHB Mo Cockerill 0-0: Ball
1-0: Ball
2-0: Ball
3-0: Base on Balls
Batting: SHB Danny Sandbach 0-0: Ball
1-0: Ball
2-0: Called Strike
2-1: Foul Ball, location: 7LDF
2-2: Strikes out swinging
Bottom of the 2nd over - 0 runs, 0 hits, 0 errors, 1 left on base; Rockdale 2 - Caringbah 1
TOP OF THE 3RD
Rockdale Crushers batting - Pitching for Caringbah Aces : RHP Reggie Tilden
Batting: RHB Jerod Quarles 0-0: Ball
1-0: Ground out 5-3 (Groundball, 56, EV 89.4 MPH)
Batting: SHB Johnny Knight 0-0: Foul Ball, location: 3F
0-1: Ball
1-1: Called Strike
1-2: Strikes out swinging
Batting: RHB Eugene Pilcher 0-0: SINGLE (Groundball, P, EV 87.5 MPH) (infield hit)
Batting: RHB Luke Thornett 0-0: Ground out 4-3 (Groundball, 34, EV 81.9 MPH)
Top of the 3rd over - 0 runs, 1 hit, 0 errors, 1 left on base; Rockdale 2 - Caringbah 1
BOTTOM OF THE 3RD
Caringbah Aces batting - Pitching for Rockdale Crushers : RHP Chet Hopoate
Batting: RHB Michael Draycott 0-0: Ball
1-0: Ball
2-0: Ball
3-0: Called Strike
3-1: Foul Ball, location: 3F
3-2: Ground out 6-3 (Groundball, 6D, EV 109.4 MPH)
Batting: SHB Jess Herbert 0-0: Foul Ball, location: 9LDF
0-1: Ground out U3 (Groundball, 34, EV 96.9 MPH)
Batting: LHB Steve Kinghorn 0-0: Called Strike
0-1: Ground out 4-3 (Groundball, 34, EV 101.9 MPH)
Bottom of the 3rd over - 0 runs, 0 hits, 0 errors, 0 left on base; Rockdale 2 - Caringbah 1
TOP OF THE 4TH
Rockdale Crushers batting - Pitching for Caringbah Aces : RHP Reggie Tilden
Batting: SHB Jim Unknown 0-0: Called Strike
0-1: Swinging Strike
0-2: Ball
1-2: Ball
2-2: Strikes out looking
Batting: RHB Justin Borrett 0-0: Ball
1-0: Ball
2-0: Fly out, F7 (Flyball, 7, EV 95.6 MPH)
Batting: RHB Brad Silk 0-0: Ball
1-0: Foul Ball, location: 9LDF
1-1: Ball
2-1: Ground out 6-3 (Groundball, 6, EV 105.6 MPH)
Top of the 4th over - 0 runs, 0 hits, 0 errors, 0 left on base; Rockdale 2 - Caringbah 1
BOTTOM OF THE 4TH
Caringbah Aces batting - Pitching for Rockdale Crushers : RHP Chet Hopoate
Batting: RHB Toby Bailey 0-0: Ball
1-0: Foul Ball, location: 9LDF
1-1: Swinging Strike
1-2: Foul Ball, location: 9LDF
1-2: Foul Ball, location: 9LDF
1-2: Foul Ball, location: 9LMF
1-2: Ball
2-2: Foul Ball, location: 2F
2-2: Ball
3-2: Fly out, F7 (Flyball, 7, EV 90.6 MPH)
Pitching: RHP Fletch Willis
Batting: RHB O.P. Coggan 0-0: Ball
1-0: Foul Ball, location: 2F
1-1: Ball
2-1: Called Strike
2-2: Ground out 2-3 (Groundball, 13S, EV 61.9 MPH)
Batting: LHB Michael Yaag 0-0: Ball
1-0: DOUBLE (Line Drive, 89D, EV 104.4 MPH)
Batting: RHB Chris Roarty 0-0: Ball
1-0: Swinging Strike
1-1: Swinging Strike
1-2: Foul Ball, location: 25FF
1-2: Strikes out swinging
Bottom of the 4th over - 0 runs, 1 hit, 0 errors, 1 left on base; Rockdale 2 - Caringbah 1
TOP OF THE 5TH
Rockdale Crushers batting - Pitching for Caringbah Aces : RHP Reggie Tilden
Batting: RHB J.J. Jones 0-0: Called Strike
0-1: Ball
1-1: Ball
2-1: Foul Ball, location: 2F
2-2: Foul Ball, location: 23F
2-2: Foul Ball, location: 5FF
2-2: Ball
3-2: Ground out 6-3 (Groundball, 6, EV 105.0 MPH)
Batting: SHB Mark Kinsley 0-0: Swinging Strike
0-1: Called Strike
0-2: Strikes out swinging
Batting: RHB Jerod Quarles 0-0: Fly out, F9 (Flyball, 9LD, EV 78.1 MPH)
Top of the 5th over - 0 runs, 0 hits, 0 errors, 0 left on base; Rockdale 2 - Caringbah 1
BOTTOM OF THE 5TH
Caringbah Aces batting - Pitching for Rockdale Crushers : RHP Fletch Willis
Batting: RHB Mo Cockerill 0-0: Called Strike
0-1: Ball
1-1: Foul Ball, location: 9LSF
1-2: Ball
2-2: Foul Ball, location: 5F
2-2: Foul Ball, location: 7LDF
2-2: Ball
3-2: Fly out, F9 (Flyball, 9, EV 99.4 MPH)
Batting: SHB Danny Sandbach 0-0: Foul Ball, location: 2F
0-1: Ball
1-1: Swinging Strike
1-2: Ball
2-2: Foul Ball, location: 23F
2-2: Strikes out swinging
Batting: RHB Michael Draycott 0-0: Foul Ball, location: 5FF
0-1: Ball
1-1: Ground out 6-3 (Groundball, 6, EV 100.0 MPH)
Bottom of the 5th over - 0 runs, 0 hits, 0 errors, 0 left on base; Rockdale 2 - Caringbah 1
TOP OF THE 6TH
Rockdale Crushers batting - Pitching for Caringbah Aces : RHP Reggie Tilden
Batting: SHB Johnny Knight 0-0: Fly out, F8 (Flyball, 8RD, EV 104.4 MPH)
Batting: RHB Eugene Pilcher 0-0: Ball
1-0: Ball
2-0: SINGLE (Line Drive, 34D, EV 96.3 MPH)
Pitching: RHP Larry Stranaghan
Batting: RHB Luke Thornett 0-0: Called Strike
0-1: Grounds into double play, 5-4-3 (Groundball, 56, EV 87.5 MPH)
Top of the 6th over - 0 runs, 1 hit, 0 errors, 0 left on base; Rockdale 2 - Caringbah 1
BOTTOM OF THE 6TH
Caringbah Aces batting - Pitching for Rockdale Crushers : RHP Fletch Willis
Batting: SHB Jess Herbert 0-0: Foul Ball, location: 2F
0-1: Ball
1-1: Ball
2-1: Foul Ball, location: 2F
2-2: Foul Ball, location: 2F
2-2: Ball
3-2: Foul Ball, location: 2F
3-2: Base on Balls
Batting: LHB Steve Kinghorn 0-0: Bunted foul
0-1: Ball
1-1: Ball
2-1: Bunted foul
2-2: Fly out, F9 (Line Drive, 89M, EV 98.1 MPH)
Pitching: RHP Michael Bebbington
Batting: RHB Toby Bailey 0-0: Ball
Jess Herbert steals 2nd base
1-0: Ball
2-0: Ball
3-0: Foul Ball, location: 9LDF
3-1: Called Strike
3-2: Foul Ball, location: 9LMF
3-2: Strikes out swinging
Batting: RHB O.P. Coggan 0-0: Swinging Strike
0-1: Foul Ball, location: 7LMF
0-2: Fly out, F9 (Line Drive, 9LM, EV 97.5 MPH)
Bottom of the 6th over - 0 runs, 0 hits, 0 errors, 1 left on base; Rockdale 2 - Caringbah 1
TOP OF THE 7TH
Rockdale Crushers batting - Pitching for Caringbah Aces : RHP Larry Stranaghan
Batting: SHB Jim Unknown 0-0: Swinging Strike
0-1: Called Strike
0-2: Ball
1-2: Strikes out swinging
Batting: RHB Justin Borrett 0-0: Ball
1-0: Ground out 5-3 (Groundball, 5S, EV 68.1 MPH)
Batting: RHB Brad Silk 0-0: Ball
1-0: Ball
2-0: Ball
3-0: Base on Balls
Batting: RHB J.J. Jones 0-0: Ball
1-0: Foul Ball, location: 25F
1-1: Foul Ball, location: 3F
1-2: Ball
2-2: Ground out 2-3 (Groundball, 15S, EV 65.0 MPH)
Top of the 7th over - 0 runs, 0 hits, 0 errors, 1 left on base; Rockdale 2 - Caringbah 1
BOTTOM OF THE 7TH
Caringbah Aces batting - Pitching for Rockdale Crushers : RHP Michael Bebbington
Batting: LHB Michael Yaag 0-0: Ball
1-0: Foul Ball, location: 2F
1-1: Called Strike
1-2: Fly out, F7 (Line Drive, 7, EV 105.6 MPH)
Batting: RHB Chris Roarty 0-0: Ball
1-0: Ball
2-0: Called Strike
2-1: Ground out 6-3 (Groundball, 6M, EV 101.3 MPH)
Batting: RHB Mo Cockerill 0-0: Called Strike
0-1: Ball
1-1: Ball
2-1: Ball
3-1: Base on Balls
Batting: SHB Danny Sandbach 0-0: Ball
1-0: Ball
2-0: Swinging Strike
2-1: Foul Ball, location: 2F
2-2: Foul Ball, location: 5SF
2-2: Ball
3-2: Foul Ball, location: 7LDF
3-2: Base on Balls
Mo Cockerill to second
Batting: RHB Michael Draycott 0-0: Ball
1-0: TRIPLE (Flyball, 9LD, EV 105.0 MPH)
Mo Cockerill scores
Danny Sandbach scores
Pitching: RHP Clarrie Coyfe
Batting: SHB Jess Herbert 0-0: Foul Ball, location: 2F
0-1: Ball
1-1: Ball
2-1: Foul Ball, location: 2F
2-2: Strikes out swinging
Bottom of the 7th over - 2 runs, 1 hit, 0 errors, 1 left on base; Rockdale 2 - Caringbah 3
TOP OF THE 8TH
Rockdale Crushers batting - Pitching for Caringbah Aces : RHP Larry Stranaghan
Batting: SHB Mark Kinsley 0-0: Swinging Strike
0-1: Called Strike
0-2: SINGLE (Groundball, 56D, EV 95.6 MPH)
Pinch Hitting: LHB Steve Smith 0-0: Ball
1-0: Ball
2-0: SINGLE (Line Drive, 4D, EV 98.8 MPH)
Mark Kinsley to second
Batting: SHB Johnny Knight 0-0: Swinging Strike
0-1: Ball
1-1: Foul Ball, location: 5FF
1-2: Foul Ball, location: 23FF
1-2: Ball
2-2: Ball
3-2: SINGLE (Groundball, 3L, EV 107.5 MPH)
Mark Kinsley to third
Steve Smith to second
Pinch Hitting: SHB Fred Baverstock 0-0: Ball
1-0: Ball
2-0: Swinging Strike
2-1: Ball
3-1: Foul Ball, location: 23F
3-2: Base on Balls
Mark Kinsley scores
Steve Smith to third
Johnny Knight to second
Pinch Hitting: LHB Greg Woods 0-0: Ball
1-0: Called Strike
1-1: Fly out, F7 (Flyball, 7D, EV 108.1 MPH)
Runner from 3rd tags up, SCORES, no throw by LF
Batting: SHB Jim Unknown 0-0: Ball
1-0: Ball
2-0: Ball
3-0: Called Strike
3-1: Fly out, F9 (Flyball, 89S, EV 90.6 MPH)
Batting: RHB Justin Borrett 0-0: SINGLE (Line Drive, 4MD, EV 98.1 MPH)
Johnny Knight to third
Fred Baverstock to second
Runner from 3rd tries for Home, SAFE, throw by CF to home
Pitching: RHP Justin Bartlett
Batting: RHB Brad Silk 0-0: Foul Ball, location: 2F
0-1: Foul Ball, location: 2F
0-2: Ball
1-2: Ball
2-2: Hit by Pitch
Fred Baverstock to third
Justin Borrett to second
Batting: RHB J.J. Jones 0-0: Ball
1-0: Ball
2-0: Called Strike
2-1: Fly out, F9 (Flyball, 9, EV 91.3 MPH)
Top of the 8th over - 3 runs, 4 hits, 0 errors, 3 left on base; Rockdale 5 - Caringbah 3
BOTTOM OF THE 8TH
Caringbah Aces batting - Pitching for Rockdale Crushers : RHP Clarrie Coyfe
Now at C: Ken Doel
Now at 2B: Anaru Hulama
Now at 3B: Quincy Provan
Batting: LHB Steve Kinghorn 0-0: Called Strike
0-1: Swinging Strike
0-2: Strikes out looking
Batting: RHB Toby Bailey 0-0: Swinging Strike
0-1: Ball
1-1: Ball
2-1: Called Strike
2-2: Strikes out looking
Batting: RHB O.P. Coggan 0-0: Ball
1-0: Ball
2-0: Foul Ball, location: 2F
2-1: Foul Ball, location: 2F
2-2: Ball
3-2: Foul Ball, location: 2F
3-2: Ground out 4-3 (Groundball, 4, EV 85.6 MPH)
Bottom of the 8th over - 0 runs, 0 hits, 0 errors, 0 left on base; Rockdale 5 - Caringbah 3
TOP OF THE 9TH
Rockdale Crushers batting - Pitching for Caringbah Aces : RHP Justin Bartlett
Batting: SHB Mark Kinsley 0-0: Ball
1-0: Called Strike
1-1: Swinging Strike
1-2: Foul Ball, location: 2F
1-2: Ball
2-2: Foul Ball, location: 2F
2-2: Foul Ball, location: 2F
2-2: SINGLE (Line Drive, 34D, EV 102.5 MPH)
Batting: SHB Quincy Provan 0-0: Called Strike
0-1: Ball
1-1: Called Strike
Mark Kinsley steals 2nd base
1-2: Foul Ball, location: 2F
1-2: Ball
2-2: Strikes out swinging
Batting: SHB Johnny Knight 0-0: Intentional Walk
Batting: RHB Ken Doel 0-0: Grounds into double play, 5-4-3 (Groundball, 56, EV 77.5 MPH)
Top of the 9th over - 0 runs, 1 hit, 0 errors, 1 left on base; Rockdale 5 - Caringbah 3
BOTTOM OF THE 9TH
Caringbah Aces batting - Pitching for Rockdale Crushers : RHP Clarrie Coyfe
Batting: LHB Michael Yaag 0-0: Ball
1-0: Fly out, F9 (Flyball, 9LM, EV 85.0 MPH)
Batting: RHB Chris Roarty 0-0: Called Strike
0-1: Swinging Strike
0-2: Foul Ball, location: 3F
0-2: Ball
1-2: Strikes out swinging
Batting: RHB Mo Cockerill 0-0: Foul Ball, location: 2F
0-1: Ball
1-1: Foul Ball, location: 2F
1-2: Ball
2-2: DOUBLE (Flyball, 8RXD, EV 102.5 MPH) - OUT at third base trying to stretch hit.
Bottom of the 9th over - 0 runs, 1 hit, 0 errors, 0 left on base; Rockdale 5 - Caringbah 3
Saturday, April 27th , 2024 - OOTP Baseball 24.9 Build 80